 Dungeon Crawl Stone Soup version 0.22-a0-469-gf26638a (webtiles) character file.

35639 CanOfBees the Fighter (level 13, -3/122 HPs)
             Began as a Red Draconian Conjurer on June 11, 2018.
             Was an Elder of Vehumet.
             Slain by a death yak (7 damage)
             ... on level 4 of the Lair of Beasts.
             The game lasted 01:16:50 (30211 turns).

CanOfBees the Fighter (Red Draconian Conjurer)     Turns: 30211, Time: 01:16:51

Health: -3/122     AC: 12    Str: 11    XL:     13   Next: 48%
Magic:  30/34      EV: 14    Int: 25    God:    Vehumet [****..]
Gold:   1418       SH:  0    Dex: 13    Spells: 2/29 levels left

rFire    + . .     SeeInvis +   w - staff of energy
rCold    . . .     Gourm    +   (no shield)
rNeg     . . .     Faith    .   (armour unavailable)
rPois    .         Spirit   .   p - +2 hat {SInv}
rElec    .         Reflect  .   (no cloak)
rCorr    .         Harm     .   f - +0 pair of gloves
MR       +....                  J - +0 pair of boots
Stlth    ++........             S - amulet of the gourmand
HPRegen  0.30/turn              B - ring of magical power
MPRegen  0.24/turn              R - ring "Ditai" {MR+ Int+4 Dex+2}

@: about to teleport, short of breath, very slightly contaminated
A: breathe fire, unfitting armour, fire resistance 1, cold-blooded, AC +8
a: Breathe Fire, Renounce Religion


You were on level 4 of the Lair of Beasts.
You worshipped Vehumet.
Vehumet was greatly pleased with you.
You were very full.

You visited 3 branches of the dungeon, and saw 18 of its levels.

You collected 1444 gold pieces.
You spent 26 gold pieces at shops.

Inventory:

Hand Weapons
 a - a +4 great sword
 b - the +2 long sword of Analysis {elec, rN+ Str-2 Int+2}
   (You found it on level 10 of the Dungeon)

   Occasionally, upon striking a foe, it will discharge some electrical energy
   and cause terrible harm.
   It affects your strength (-2).
   It affects your intelligence (+2).
   It protects you from negative energy.
 q - a +0 long sword of venom
 K - the +8 whip of Youthful Indiscretion {drain, -Tele MP+9 Str+10 Int-4}
   (You found it on level 5 of the Dungeon)

   A truly terrible weapon, it drains the life of those it strikes.
   It affects your strength (+10).
   It affects your intelligence (-4).
   It affects your magic capacity (+9).
   It prevents most forms of teleportation.
Missiles
 m - 7 javelins (quivered)
 r - 20 tomahawks
Armour
 f - a +0 pair of gloves (worn)
 p - a +2 hat of see invisible (worn)
 J - a +0 pair of boots (worn)
Magical Staves
 w - an uncursed staff of energy (weapon)
Jewellery
 z - an uncursed amulet of the acrobat
 B - a ring of magical power (left hand)
 R - the ring "Ditai" (right hand) {MR+ Int+4 Dex+2}
   (You found it on level 2 of the Lair of Beasts)

   [ring of protection from magic]

   It affects your intelligence (+4).
   It affects your dexterity (+2).
   It affects your resistance to hostile enchantments.
 S - an amulet of the gourmand (around neck)
Wands
 g - a wand of clouds (1)
 v - a wand of paralysis (14)
 y - a wand of random effects (75)
 D - a wand of iceblast (25)
 H - a wand of flame (68)
Scrolls
 c - 7 scrolls of teleportation
 e - 4 scrolls of immolation
 h - 2 scrolls of amnesia
 n - a scroll of summoning
 x - 2 scrolls of noise
 E - 6 scrolls of remove curse
 F - a scroll of magic mapping
 G - a scroll of vulnerability
 L - 2 scrolls of enchant armour
 Q - 2 scrolls of identify
Potions
 i - 4 potions of haste
 j - 4 potions of brilliance
 k - a potion of agility
 l - 2 potions of curing
 o - 3 potions of flight
 s - 2 potions of resistance
 t - a potion of lignification
 I - a potion of might
 N - a potion of ambrosia
Comestibles
 d - 28 rations


   Skills:
 + Level 13.0 Fighting
 - Level 10.1 Long Blades
 - Level 5.0 Dodging
 - Level 2.0 Stealth
   Level 4.6 Shields
 + Level 8.8 Spellcasting
 - Level 8.6 Conjurations
 - Level 3.0 Hexes
 - Level 5.0 Summonings
 - Level 2.0 Translocations
 - Level 10.0 Fire Magic
 + Level 3.7 Air Magic


You had 2 spell levels left.
You knew the following spells:

 Your Spells              Type           Power        Failure   Level  Hunger
a - Magic Dart            Conj           ####         1%          1    None
b - Searing Ray           Conj           ######       1%          2    None
c - Iskenderun's Mystic   Conj           ######..     1%          4    None
d - Dazzling Spray        Conj/Hex       #####.       1%          3    None
e - Fulminant Prism       Conj/Hex       #####.....   1%          4    None
f - Conjure Flame         Conj/Fire      ######..     1%          3    None
g - Summon Lightning Spi  Summ/Air       ####....     9%          4    None
h - Apportation           Tloc           ###...       2%          1    None
i - Lightning Bolt        Conj/Air       #####.....   3%          5    None

Your spell library contained the following spells:

 Spells                   Type           Power        Failure   Level  Hunger
 Fireball                 Conj/Fire      ######....   1%          5    None
 Slow                     Hex            ####....     2%          2    None
 Confuse                  Hex            ####....     4%          3    None
 Throw Frost              Conj/Ice       ####..       1%          2    None
 Mephitic Cloud           Conj/Pois/Air  ####....     1%          3    None
 Summon Small Mammal      Summ           ####         1%          1    None
 Bolt of Draining         Conj/Necr      ####......   7%          5    None
 Blink                    Tloc           N/A          3%          2    None
 Animate Dead             Necr           N/A          50%         4    None
 Pain                     Necr           ##..         5%          1    None
 Animate Skeleton         Necr           N/A          5%          1    None
 Vampiric Draining        Necr           ##........   17%         3    None
 Freeze                   Ice            ##..         1%          1    None
 Summon Ice Beast         Ice/Summ       ###.....     21%         4    None
 Ozocubu's Armour         Chrm/Ice       ##......     17%         3    None
 Call Imp                 Summ           #####...     1%          2    None
 Regeneration             Chrm/Necr      ##........   17%         3    None
 Throw Icicle             Conj/Ice       ####....     2%          4    None
 Confusing Touch          Hex            ####..       1%          1    None
 Ignite Poison            Fire/Tmut/Pois ####....     1%          3    None
 Call Canine Familiar     Summ           #####...     1%          3    None
 Metabolic Englaciation   Hex/Ice        ###.......   63%         5    None
 Simulacrum               Ice/Necr       ##........   100%        6    None
 Petrify                  Tmut/Erth      ##......     50%         4    None
 Shroud of Golubria       Chrm/Tloc      ###.......   5%          2    None
 Force Lance              Conj/Tloc      #####...     1%          4    None
 Infusion                 Chrm           ##..         5%          1    None
 Song of Slaying          Chrm           ##......     9%          2    None
 Spectral Weapon          Hex/Chrm       ###.....     9%          3    None
 Summon Guardian Golem    Hex/Summ       ####....     3%          3    None
 Gell's Gravitas          Tloc           ###.......   7%          3    None
 Yara's Violent Unravell  Hex/Tmut       ###.......   21%         5    None


Dungeon Overview and Level Annotations

Branches:
Dungeon (13/15)            Temple (1/1) D:7            Lair (4/6) D:9
 Shoals (0/4) Lair:2        Snake (0/4) Lair:2          Orc (0/2) D:11
 Vaults (0/5) D:13

Altars:
Ashenzari
Cheibriados
Dithmenos
Elyvilon
Fedhas
Gozag
Hepliaklqana
Kikubaaqudgha
Makhleb
Nemelex Xobeh
Okawaru
Qazlal
Ru
Sif Muna
Trog
Uskayaw
Vehumet
Wu Jian
Xom
Yredelemnul
Zin
The Shining One

Shops:
D:4 ?   D:6 *

Annotations:
D:13 Nessos, Urug


Innate Abilities, Weirdness & Mutations

You can breathe blasts of fire.
Your fiery red scales are hard. (AC +8)
You cannot fit into any form of body armour.
Your flesh is heat resistant. (rF+)
You are cold-blooded and may be slowed by cold attacks.


Message History

Aiming: Cloud Cone
Press: ? - help, Dir - move target cursor, f/p - death yak
Aim: a death yak (noxious fumes, almost dead, confused)
You create a blast of poison gas!
The death yak is engulfed in poison gas.
The death yak is poisoned.
The death yak is engulfed in noxious fumes.
Unknown command.
Unknown command.
Evoke which item? (* to show all) (? for menu, Esc to quit)
Aiming: Throw Flame
Press: ? - help, Shift-Dir - straight line, f/p - death yak
Aim: a death yak (noxious fumes, almost dead, confused)
The puff of flame hits the death yak.
The death yak is almost dead.
The death yak is engulfed in poison gas.
The death yak looks even sicker.
The death yak is engulfed in noxious fumes.
The death yak gores you!
You die...

#..<.......# #.S..##
##....)F...# ##.S..##
#...........# ##†##...##
............# #§####...##
.#.##......## #S## #....# ##
####...# #§# ##...### #####Y#
##..... ##Y# #.##... #@#
###.... ...# ### ####.
##..### ###.. #.....#
########P#.. #.....##
#####.#........# ......###
#.#...........#. #.......####
##...........### #.......##.#
#P............#
##..##......###.............#


You could see 2 death yaks and a water moccasin.

Vanquished Creatures
  Gastronok (Lair:3)
  Snorg (D:12)
  2 hydras
  3 two-headed ogres
  A queen ant (Lair:3)
  3 death yaks (Lair:4)
  3 oklob plants (D:9)
  An ugly thing (D:12)
  A manticore (D:11)
  The ghost of charlessucks the Changer, a novice OpTm (D:5)
  2 elephants (Lair:3)
  2 spiny frogs
  2 centaur skeletons
  7 rime drakes (Lair:2)
  2 komodo dragons
  2 trolls
  6 blink frogs
  4 hippogriffs
  A shadow (D:12)
  Sigmund (D:3)
  18 yaks
  4 hogs (D:8)
  4 wyverns
  A human (D:8)
  2 wraiths
  3 basilisks
  10 steam dragons
  3 vampire mosquitoes (D:10)
  3 nagas (Lair:2)
  8 soldier ants (Lair:3)
  5 water moccasins
  3 porcupines
  An acid dragon (Lair:2)
  Duvessa (D:5)
  2 sky beasts
  3 black bears
  An ice beast (D:11)
  3 orc warriors
  An eye of draining (D:10)
  A necrophage (D:8)
  3 phantoms
  7 ogres
  17 wolves
  9 centaurs
  6 crocodiles
  3 big kobolds
  Blork the orc (D:4)
  2 gnoll sergeants
  7 bullfrogs
  Dowan (D:5)
  2 scorpions
  7 killer bees
  5 wights (D:10)
  2 howler monkeys
  7 crimson imps
  2 bullfrog zombies
  2 quasits
  6 orc priests
  4 hounds
  5 jellies
  2 bullfrog skeletons
  4 iguanas
  8 orc wizards
  21 worker ants
  A killer bee zombie (D:9)
  2 hound skeletons
  2 worker ant zombies
  17 adders
  12 gnolls
  A howler monkey skeleton (D:11)
  2 orc zombies (D:6)
  A river rat (D:6)
  3 shadow imps
  2 oozes
  An adder skeleton (D:8)
  5 worms
  A dart slug (D:2)
  3 leopard geckos
  42 orcs
  A ball python (D:3)
  8 giant cockroaches
  10 goblins
  6 hobgoblins
  8 jackals
  6 quokkas
  8 bats
  3 frilled lizards
  2 jackal zombies
  27 kobolds
  A quokka skeleton (D:5)
  14 rats
  A bush (Lair:3)
  14 plants
460 creatures vanquished.

Vanquished Creatures (collateral kills)
  5 worker ants (Lair:3)
5 creatures vanquished.

Vanquished Creatures (others)
  An orc wizard (D:3)
  13 fulminant prisms
  8 fungi
  12 plants
34 creatures vanquished.

Grand Total: 499 creatures vanquished

Notes
Turn   | Place    | Note
-------+----------+-------------------------------------------
     0 | D:1      | CanOfBees the Draconian Conjurer began the quest for the Orb.
     0 | D:1      | Reached XP level 1. HP: 14/14 MP: 3/3
   529 | D:1      | Reached XP level 2. HP: 22/22 MP: 1/5
   708 | D:1      | Learned a level 2 spell: Searing Ray
  1018 | D:1      | Reached skill level 1 in Fighting
  1387 | D:1      | Reached XP level 3. HP: 28/28 MP: 3/6
  2219 | D:2      | Reached skill level 2 in Fighting
  2219 | D:2      | Reached XP level 4. HP: 36/36 MP: 4/8
  3455 | D:3      | Reached XP level 5. HP: 42/42 MP: 2/9
  3654 | D:3      | Learned a level 4 spell: Iskenderun's Mystic Blast
  4021 | D:3      | Reached skill level 3 in Fighting
  4021 | D:3      | Reached skill level 5 in Conjurations
  4842 | D:3      | Reached XP level 6. HP: 29/51 MP: 5/11
  5053 | D:3      | Noticed Sigmund
  5066 | D:3      | Killed Sigmund
  5066 | D:3      | Reached skill level 4 in Fighting
  5523 | D:4      | Noticed Blork the orc
  5534 | D:4      | Killed Blork the orc
  5604 | D:4      | Your scales start taking on a fiery red colour.
  5604 | D:4      | Reached XP level 7. HP: 60/60 MP: 6/13
  5604 | D:4      | Gained mutation: Your flesh is heat resistant. (rF+) [Red Draconian growth]
  5992 | D:4      | Reached skill level 1 in Long Blades
  6024 | D:4      | Reached skill level 5 in Fighting
  6238 | D:4      | Found Wuats's Magic Scroll Shop.
  6473 | D:5      | Entered Level 5 of the Dungeon
  6619 | D:5      | Noticed charlessucks's ghost (novice OpTm)
  6651 | D:5      | Reached XP level 8. HP: 66/69 MP: 3/14
  6739 | D:6      | Found a transporter.
  7013 | D:5      | Got a bloodstained whip
  7015 | D:5      | Identified the +8 whip of Youthful Indiscretion {drain, -Tele MP+9 Str+10 Int-4} (You found it on level 5 of the Dungeon)
  7090 | D:5      | Killed charlessucks's ghost
  7090 | D:5      | Reached skill level 6 in Fighting
  7232 | D:5      | Noticed Duvessa
  7239 | D:5      | Noticed Dowan
  7809 | D:5      | Killed Duvessa
  7809 | D:5      | Reached skill level 7 in Fighting
  7815 | D:5      | Killed Dowan
  8134 | D:6      | Reached XP level 9. HP: 21/79 MP: 15/15
  8596 | D:6      | Reached skill level 5 in Long Blades
  8784 | D:6      | Found Tuizaist's General Store.
  8796 | D:6      | Bought a scroll of identify for 26 gold pieces
  8799 | D:6      | Reached skill level 9 in Fighting
  8799 | D:6      | Reached XP level 10. HP: 91/91 MP: 15/20
  8806 | D:6      | Learned a level 3 spell: Dazzling Spray
  8811 | D:6      | Learned a level 4 spell: Fulminant Prism
  8813 | D:6      | Found a transporter.
  9513 | D:7      | Found a staircase to the Ecumenical Temple.
  9522 | Temple   | Entered the Ecumenical Temple
  9674 | Temple   | Became a worshipper of Vehumet
 11254 | D:8      | Noticed a two-headed ogre
 11806 | D:8      | Reached skill level 1 in Hexes
 12070 | D:8      | Killed a two-headed ogre
 12097 | D:8      | Reached * piety under Vehumet
 12097 | D:8      | Offered knowledge of Sting by Vehumet.
 14027 | D:9      | Found a burning altar of Makhleb.
 14027 | D:9      | Noticed a two-headed ogre
 14036 | D:9      | Killed a two-headed ogre
 14036 | D:9      | Reached XP level 11. HP: 20/99 MP: 23/23
 14344 | D:9      | Found a glowing golden altar of the Shining One.
 14349 | D:9      | Found a shattered altar of Ashenzari.
 14440 | D:9      | Noticed an oklob plant
 14478 | D:9      | Noticed an oklob plant
 14481 | D:9      | Noticed an oklob plant
 14622 | D:9      | Found a shadowy altar of Dithmenos.
 14925 | D:10     | Entered Level 10 of the Dungeon
 14938 | D:10     | Got a brightly glowing long sword
 15266 | D:10     | Reached skill level 10 in Fighting
 15463 | D:10     | Reached ** piety under Vehumet
 15463 | D:10     | Offered knowledge of Throw Frost by Vehumet.
 15683 | D:10     | Identified the +2 long sword of Analysis {elec, rN+ Str-2 Int+2} (You found it on level 10 of the Dungeon)
 16548 | D:10     | Offered knowledge of Conjure Flame by Vehumet.
 17462 | D:11     | Found a staircase to the Orcish Mines.
 17489 | D:11     | Reached *** piety under Vehumet
 17510 | D:10     | Learned a level 3 spell: Conjure Flame
 17708 | D:11     | Found a glowing silver altar of Zin.
 17980 | D:11     | Noticed a two-headed ogre
 17986 | D:11     | Killed a two-headed ogre
 18326 | D:11     | Offered knowledge of Static Discharge by Vehumet.
 18511 | D:12     | Noticed Snorg
 18518 | D:12     | Killed Snorg
 18518 | D:12     | Reached skill level 5 in Dodging
 18633 | D:13     | Found a gate to the Vaults.
 18633 | D:13     | Noticed Urug
 18633 | D:13     | Noticed a two-headed ogre
 18633 | D:13     | Noticed a fire dragon
 18633 | D:13     | Noticed Nessos
 18939 | D:12     | Reached **** piety under Vehumet
 19374 | D:12     | Reached skill level 11 in Fighting
 19446 | D:12     | Reached XP level 12. HP: 88/110 MP: 24/24
 19690 | D:12     | Found a bloodstained altar of Trog.
 19828 | D:12     | Offered knowledge of Lightning Bolt by Vehumet.
 21089 | D:9      | Found a staircase to the Lair.
 21173 | Lair:1   | Entered Level 1 of the Lair of Beasts
 21201 | Lair:1   | Learned a level 4 spell: Summon Lightning Spire
 21532 | Lair:1   | Reached skill level 1 in Summonings
 21762 | Lair:1   | Reached skill level 10 in Fire Magic
 23164 | Lair:2   | Reached skill level 12 in Fighting
 23442 | Lair:2   | Found a staircase to the Snake Pit.
 23783 | Lair:2   | Learned a level 1 spell: Apportation
 23788 | Lair:2   | Got a crude lapis lazuli ring
 24340 | Lair:2   | Reached skill level 1 in Translocations
 24713 | Lair:2   | Found a staircase to the Shoals.
 25538 | Lair:2   | Identified the ring "Ditai" {MR+ Int+4 Dex+2} (You found it on level 2 of the Lair of Beasts)
 25764 | Lair:3   | Noticed an eight-headed hydra
 25939 | Lair:2   | Killed an eight-headed hydra
 26005 | Lair:2   | Learned a level 5 spell: Lightning Bolt
 26225 | Lair:3   | Reached XP level 13. HP: 118/119 MP: 25/25
 26247 | Lair:3   | Reached ***** piety under Vehumet
 26248 | Lair:3   | Offered knowledge of Bolt of Draining by Vehumet.
 26537 | Lair:3   | Reached skill level 1 in Air Magic
 26802 | Lair:3   | Noticed Gastronok
 26818 | Lair:3   | Killed Gastronok
 26818 | Lair:3   | Reached skill level 10 in Long Blades
 28928 | Lair:3   | Identified a scroll of acquirement
 29132 | Lair:4   | Identified the Compendium of Flamy Necromancy
 29310 | Lair:4   | Reached skill level 5 in Summonings
 29366 | Lair:4   | Found a hide-covered altar of Uskayaw.
 30188 | Lair:4   | HP: 1/119 [death yak (22)]
 30193 | Lair:4   | Reached skill level 13 in Fighting
 30208 | Lair:4   | HP: 3/122 [death yak (28)]
 30211 | Lair:4   | Slain by a death yak

Vault maps used:
D:1:      grunt_arrival_crossed_arrows
D:3:      first_ration, uniq_sigmund
D:4:      serial_shops, kennysheep_mini_moat, uniq_blork_the_orc
D:5:      uniq_duvessa
D:6:      gammafunk_cloud_chamber, serial_shops, shop, portal_sewer_entry_a
D:7:      minmay_temple_entry_metal_lava
D:8:      grunt_livestock
D:9:      lemuel_doored_altar, grunt_temple_overflow_diamond, erik_lair_dragon,
          disabler_island
D:11:     orc_0_dummy, hangedman_abyss_or_decor_stabs, lemuel_statue_altar
D:12:     bloody_trog, uniq_snorg
D:13:     david_vaults_3
Temple:   regret_index_temple_mists
Lair:1:   lemuel_fruit_tree
Lair:2:   shoals_dummy_entry, guppyfry_snake_entry_garden,
          bobbens_dragon_lair_wall, serial_bayou_shore_b
Lair:3:   wad_woods_road_01, minmay_another_anthill, grunt_megastairs_2,
          uniq_gastronok
Lair:4:   portal_ice_cave_rime, basic_altar

Skill      XL: |  1  2  3  4  5  6  7  8  9 10 11 12 13 |
---------------+----------------------------------------+-----
Stealth        | 2 |  2.0
Dodging        | 2 3 5 |  5.0
Fighting       | 1 2 3 4 5 7 9 11 12 13 | 13.0
Spellcasting   | 3 4 7 8 |  8.8
Conjurations   | 5 6 7 8 |  8.6
Long Blades    | 2 4 5 6 8 9 10 | 10.1
Shields        | 4 |  4.6
Fire Magic     | 7 8 10 | 10.0
Hexes          | 3 |  3.0
Summonings     | 4 5 |  5.0
Translocations | 2 |  2.0
Air Magic      | 3 |  3.7

Action                   |  1- 3 |  4- 6 |  7- 9 | 10-12 | 13-15 || total
-------------------------+-------+-------+-------+-------+-------++-------
Melee: Unarmed           |    15 |       |       |       |       ||    15
       Tailslap          |     1 |     6 |    18 |    64 |    21 ||   110
       Short sword       |    13 |    25 |       |       |       ||    38
       Hand axe          |       |    36 |       |       |       ||    36
       Long sword        |       |       |   145 |   410 |    73 ||   628
       Great sword       |       |       |       |   226 |    57 ||   283
       Staff             |       |       |       |       |     4 ||     4
       Whip              |       |       |       |       |     1 ||     1
Throw: Javelin           |       |    18 |     4 |     8 |     1 ||    31
 Cast: Magic Dart        |    49 |    65 |    67 |   170 |   102 ||   453
       Searing Ray       |     3 |    19 |     3 |    54 |    20 ||    99
       Iskenderun's Myst |       |       |     1 |     8 |     7 ||    16
       Fulminant Prism   |       |       |       |    13 |       ||    13
       Conjure Flame     |       |       |       |     5 |       ||     5
       Apportation       |       |       |       |     2 |       ||     2
       Dazzling Spray    |       |       |       |     1 |       ||     1
       Lightning Bolt    |       |       |       |       |     3 ||     3
       Summon Lightning  |       |       |       |       |     3 ||     3
 Abil: Breathe Fire      |       |       |    11 |    61 |    19 ||    91
Evoke: Wand              |       |       |       |     8 |     7 ||    15
  Use: Scroll            |     2 |       |     9 |    18 |     9 ||    38
       Potion            |       |     1 |     4 |     2 |     3 ||    10
 Stab: Distracted        |       |     1 |       |     1 |     1 ||     3
       Sleeping          |       |       |       |     3 |       ||     3
       Confused          |       |       |       |     1 |       ||     1
  Eat: Chunk             |     5 |    11 |    13 |    31 |    23 ||    83
       Ration            |       |       |       |    11 |     1 ||    12
Armor: Skin              |    15 |    33 |    80 |   277 |    43 ||   448
Dodge: Dodged            |    27 |    60 |   125 |   648 |   108 ||   968
       Rpst.: Long sword |       |       |    35 |   114 |     8 ||   157
       Great sword       |       |       |       |    57 |    11 ||    68

Table legend:
 A = Spawn XP
 B = Non-spawn XP
 C = Spawn XP percentage of total XP
 D = Spawn monster count
 E = Non-spawn monster count
 F = Spawn count percentage of total count
 G = Total turns spent on level
                    A         B        C        D         E        F      G
               +---------+---------+-------+---------+---------+-------+---------
         Total |       0 |   47789 |   0.0 |       0 |     451 |   0.0 | 30211
               +---------+---------+-------+---------+---------+-------+---------
           D:1 |       0 |      61 |   0.0 |       0 |      20 |   0.0 |  1784
           D:2 |       0 |     118 |   0.0 |       0 |      31 |   0.0 |  1798
           D:3 |       0 |     460 |   0.0 |       0 |      37 |   0.0 |  2093
           D:4 |       0 |     558 |   0.0 |       0 |      13 |   0.0 |   970
           D:5 |       0 |    1347 |   0.0 |       0 |      24 |   0.0 |  1385
           D:6 |       0 |     678 |   0.0 |       0 |      22 |   0.0 |  1336
           D:7 |       0 |     869 |   0.0 |       0 |      22 |   0.0 |  1978
           D:8 |       0 |    3189 |   0.0 |       0 |      28 |   0.0 |  1998
           D:9 |       0 |    4450 |   0.0 |       0 |      29 |   0.0 |  2374
          D:10 |       0 |    2312 |   0.0 |       0 |      44 |   0.0 |  1959
          D:11 |       0 |    4196 |   0.0 |       0 |      41 |   0.0 |  1648
          D:12 |       0 |    5316 |   0.0 |       0 |      32 |   0.0 |  1686
        Lair:1 |       0 |    2520 |   0.0 |       0 |      13 |   0.0 |  2610
        Lair:2 |       0 |    8449 |   0.0 |       0 |      38 |   0.0 |  2965
        Lair:3 |       0 |    8609 |   0.0 |       0 |      43 |   0.0 |  2690
        Lair:4 |       0 |    4657 |   0.0 |       0 |      14 |   0.0 |   773
               +---------+---------+-------+---------+---------+-------+---------
